 Dungeon Crawl Stone Soup version 0.17.2-1-ge4368a0 (webtiles) character file.

13013 Goblin1989 the Severer (level 12, -4/108 HPs)
             Began as a Hill Orc Fighter on Oct 27, 2016.
             Was an Initiate of Gozag.
             Slain by Goblin1989's ghost (11 damage)
             ... in an ice cave.
             The game lasted 00:31:17 (9839 turns).

Goblin1989 the Severer (Hill Orc Fighter)           Turns: 9839, Time: 00:31:17

Health: -4/108     AC: 17    Str: 26 (29) XL:     12   Next: 1%
Magic:  12/12      EV: 12    Int:  8 (10) God:    Gozag
Gold:   1288       SH: 13    Dex: 17      Spells: 3 memorised, 4 levels left

rFire  . . .     SeeInvis .     a - +0 war axe
rCold  + . .     Clarity  .     H - +0 chain mail (curse)
rNeg   . . .     SustAt   .     o - +0 shield
rPois  .         Gourm    .     B - +0 helmet
rElec  .         Spirit   .     h - +0 cloak
rCorr  .         Warding  .     (no gloves)
rMut   .         Stasis   .     J - +0 pair of boots
MR     .....                    r - amulet of regeneration
Stlth  ..........               c - ring of protection from cold
                                v - +4 ring of dexterity

@: mighty, agile, flying, very slightly contaminated, invisible, not resistant
to hostile enchantments, extremely unstealthy
A: hooves 1, thin metallic scales 1, clever 1, clumsy 1, deterioration 2
a: Potion Petition, Call Merchant, Bribe Branch, Renounce Religion


You were in an ice cave.
You worshipped Gozag.
Gozag was noncommittal.
You were very hungry.

You visited 2 branches of the dungeon, and saw 12 of its levels.
You also visited: Ossuary and Ice Cave.

You collected 2503 gold pieces.
You paid 1215 gold pieces to Gozag.

Inventory:

Hand Weapons
 a - a +0 war axe (weapon)
 b - a +4 scimitar of flaming
Missiles
 Z - 3 throwing nets {=f, !d}
Armour
 h - a +0 cloak (worn)
 o - a +0 shield (worn)
 B - a +0 helmet (worn)
 D - a +1 plate armour
 H - a cursed +0 chain mail (worn)
 J - a +0 pair of boots (worn)
Jewellery
 c - a ring of protection from cold (right hand)
 f - an uncursed ring of protection from fire
 r - an amulet of regeneration (around neck)
 v - a +4 ring of dexterity (left hand)
 N - an uncursed ring of stealth {unknown}
Wands
 k - a wand of random effects (28)
 C - a wand of confusion (38)
 I - a wand of slowing (32)
 P - a wand of polymorph (18)
 Q - a wand of fireball (6)
Scrolls
 i - a scroll of fog {unknown}
 j - 3 scrolls of recharging {unknown}
 m - 3 scrolls of amnesia {unknown}
 p - 8 scrolls of teleportation {unknown}
 t - 6 scrolls of remove curse {unknown}
 y - 4 scrolls of blinking {unknown}
 A - 2 scrolls of immolation {unknown}
 F - 2 scrolls of fear {unknown}
 K - 3 scrolls of enchant weapon {unknown}
 M - a scroll of magic mapping
 O - a scroll of summoning {unknown}
 R - 6 scrolls of identify {@r1}
Potions
 g - 2 potions of agility
 n - 11 potions of curing {@q1}
 s - a potion of haste {unknown}
 u - 3 potions of invisibility
 x - a potion of magic {unknown}
 z - 5 potions of heal wounds {!q, @q2}
 E - a potion of brilliance
 G - a potion of resistance {unknown}
 L - a potion of beneficial mutation {unknown}
Books
 l - a book of Summonings

   Spells                             Type                      Level
   a - Recall                         Summoning/Translocation      3
   b - Aura of Abjuration             Summoning                    5
   c - Shadow Creatures               Summoning                    5
   d - Summon Demon                   Summoning                    5
   e - Summon Forest                  Summoning/Translocation      5
   f - Summon Mana Viper              Hexes/Summoning              5
Comestibles
 e - 8 bread rations {@e1}
 q - 7 meat rations {@e2}
 w - 9 slices of pizza


   Skills:
 + Level 10.7 Fighting
 * Level 15.0 Axes
 + Level 9.9 Armour
 + Level 10.0 Shields


You had 4 spell levels left.
You knew the following spells:

 Your Spells              Type           Power        Failure   Level  Hunger
g - Passage of Golubria   Tloc           N/A          100%        4    #####..
h - Shroud of Golubria    Chrm/Tloc      #.........   100%        2    ###....
o - Apportation           Tloc           #.........   100%        1    ##.....


Dungeon Overview and Level Annotations

Branches:
Dungeon (11/15)            Temple (1/1) D:6            Lair (0/8) D:11
    Orc (0/4) D:11

Altars:
Ashenzari
Cheibriados
Dithmenos
Elyvilon
Fedhas
Gozag
Kikubaaqudgha
Makhleb
Nemelex Xobeh
Okawaru
Qazlal
Ru
Sif Muna
Trog
Vehumet
Xom
Yredelemnul
Zin
The Shining One

Annotations:
IceCv Goblin1989's ghost, novice FeTm


Innate Abilities, Weirdness & Mutations

You have large cloven feet.
You are partially covered in thin metallic scales (AC +2).
Your mind is acute. (Int +2)
You are clumsy. (Dex -2)
Your body often deteriorates upon taking damage.


Message History

You closely miss Goblin1989's ghost. You block Goblin1989's ghost's attack.
Unknown command.
You closely miss the ice dragon.
The ice dragon is almost dead.
You miss Goblin1989's ghost. You block the ice dragon's attack.
You block the ice dragon's attack.
The ice dragon tramples you but does no damage.
Goblin1989's ghost hits you!
* * * LOW HITPOINT WARNING * * *
Your body deteriorates!
You feel weakened.
You take 16 damage, and have 25/108 hp.
You hit the ice dragon.
The ice dragon is almost dead.
You closely miss Goblin1989's ghost. The ice dragon breathes frost at you.
The blast of cold hits you! You resist.
* * * LOW HITPOINT WARNING * * *
Goblin1989's ghost hits you!
You die...
Your body crumbles into a pile of gold. $ .=.= █"=$██

$$
██=...█ $
█$"...██
█$.....█
█$.....█
█$$....██
█$$$W@..█
█$$$D█..█
█$$$$██.█
██$$██..█
█$██...█
█████..█
██...█.██
█..█...█
██.██..█


You could see an ice dragon and Goblin1989's ghost.

Vanquished Creatures
  Josephine (D:10)
  An ice dragon (IceCv)
  Erica (D:8)
  2 unseen horrors
  Pikel (D:6)
  Maurice (D:9)
  2 ice statues (IceCv)
  A hippogriff (D:7)
  A deep elf mage (D:9)
  A wyvern (D:5)
  A spriggan (D:8)
  A hungry ghost (D:7)
  5 wraiths (D:10)
  Menkaure (D:7)
  A water moccasin (D:10)
  A necrophage (D:8)
  6 orc warriors
  2 sky beasts (D:9)
  A slave (D:6)
  24 ice beasts
  A wasp (D:10)
  A centaur (D:8)
  3 ogres
  A phantom (D:9)
  3 giant frogs
  3 big kobolds
  A water moccasin zombie (D:7)
  A gnoll sergeant (D:10)
  5 scorpions (D:5)
  5 killer bees (D:10)
  2 wights (D:7)
  5 crimson imps
  4 centaur zombies
  A giant frog zombie (D:10)
  A vampire bat (D:8)
  2 jellies
  A human zombie (Ossuary)
  2 giant frog skeletons
  2 gnoll shamans
  2 orc priests
  A hound (D:5)
  3 iguanas
  Terence (D:2)
  7 orc wizards
  Natasha (twice) (D:2)
  13 worker ants
  The ghost of ololoev the Skirmisher, a weakling DsFi (D:3)
  A big kobold zombie (Ossuary)
  A killer bee zombie (D:8)
  3 mummies
  A hound skeleton (D:6)
  2 hound zombies (D:7)
  3 worker ant zombies (D:5)
  20 gnolls
  16 adders
  A shadow imp (D:6)
  An ooze (D:2)
  4 adder skeletons
  An adder zombie (Ossuary)
  7 giant geckos
  32 orcs
  4 bat skeletons (D:8)
  A bat zombie (D:8)
  10 giant cockroaches
  6 hobgoblins
  20 jackals
  19 kobolds
  7 quokkas
  14 bats
  A giant gecko skeleton (D:5)
  2 giant gecko zombies
  2 giant newts
  9 goblins
  2 goblin zombies (Ossuary)
  8 hobgoblin zombies (Ossuary)
  3 jackal zombies (Ossuary)
  10 kobold zombies (Ossuary)
  8 orc zombies (Ossuary)
  2 quokka zombies
  6 rats
  2 rat zombies (Ossuary)
  2 fungi (D:5)
360 creatures vanquished.

Vanquished Creatures (others)
  An ogre (D:6)
  A slave (D:6)
  A giant frog (D:6)
  A hound (D:6)
  An ooze (D:6)
  2 jackals (D:6)
  3 fungi (D:5)
10 creatures vanquished.

Grand Total: 370 creatures vanquished

Notes
Turn   | Place    | Note
--------------------------------------------------------------
     0 | D:1      | Goblin1989 the Hill Orc Fighter began the quest for the Orb.
     0 | D:1      | Reached XP level 1. HP: 19/19 MP: 1/1
   235 | D:1      | Reached XP level 2. HP: 27/27 MP: 2/2
   668 | D:2      | Noticed Terence
   679 | D:2      | Killed Terence
   679 | D:2      | Reached skill level 4 in Fighting
   679 | D:2      | Reached XP level 3. HP: 24/33 MP: 3/3
   865 | D:2      | Reached XP level 4. HP: 36/40 MP: 4/4
  1004 | D:2      | Noticed Natasha
  1012 | D:2      | Killed Natasha
  1167 | D:2      | Noticed Natasha
  1181 | D:2      | Killed Natasha
  1524 | D:3      | Noticed ololoev's ghost (weakling DsFi)
  1534 | D:3      | Killed ololoev's ghost
  1534 | D:3      | Reached XP level 5. HP: 16/47 MP: 5/5
  1752 | D:3      | Reached skill level 5 in Axes
  2407 | D:4      | Reached skill level 6 in Axes
  2407 | D:4      | Reached XP level 6. HP: 53/53 MP: 6/6
  3042 | D:5      | Entered Level 5 of the Dungeon
  3088 | D:5      | Found a sand-covered staircase.
  3093 | Ossuary  | Entered an ossuary
  3271 | Ossuary  | Reached XP level 7. HP: 60/60 MP: 7/7
  3301 | Ossuary  | Reached skill level 5 in Fighting
  3336 | Ossuary  | Reached skill level 7 in Axes
  3336 | Ossuary  | Reached skill level 5 in Shields
  3484 | D:5      | Noticed a wyvern
  3493 | D:5      | Killed a wyvern
  3493 | D:5      | Reached skill level 5 in Armour
  3676 | D:5      | Reached XP level 8. HP: 65/69 MP: 8/8
  3699 | D:5      | Reached skill level 8 in Axes
  4049 | D:5      | Gained mutation: Your body sometimes deteriorates upon taking damage. [potion of mutation]
  4049 | D:5      | Gained mutation: You have large cloven feet. [potion of mutation]
  4049 | D:5      | Gained mutation: Armour fits poorly on your strangely shaped body. [potion of mutation]
  4050 | D:5      | Gained mutation: Your mind is acute. (Int +2) [potion of mutation]
  4050 | D:5      | Lost mutation: Armour fits poorly on your strangely shaped body. [potion of mutation]
  4050 | D:5      | Gained mutation: You are clumsy. (Dex -2) [potion of mutation]
  4051 | D:5      | Gained mutation: You are partially covered in thin metallic scales (AC +2). [potion of mutation]
  4051 | D:5      | Gained mutation: Your body often deteriorates upon taking damage. [potion of mutation]
  4517 | D:6      | Found a staircase to the Ecumenical Temple.
  4532 | Temple   | Entered the Ecumenical Temple
  4571 | Temple   | Became a worshipper of Gozag Ym Sagoz the Greedy
  4655 | D:6      | Noticed Pikel
  4667 | D:6      | Killed Pikel
  4667 | D:6      | Reached skill level 9 in Axes
  4667 | D:6      | Reached XP level 9. HP: 36/78 MP: 9/9
  4698 | D:6      | Identified the Catalogue of Feathery Attacks
  5179 | D:7      | Reached skill level 10 in Axes
  5268 | D:7      | Noticed Menkaure
  5291 | D:7      | Killed Menkaure
  5680 | D:7      | Reached skill level 11 in Axes
  6447 | D:8      | Reached XP level 10. HP: 88/88 MP: 10/10
  6827 | D:8      | Found an ancient bone altar of Kikubaaqudgha.
  6827 | D:8      | Noticed Erica
  6843 | D:8      | Killed Erica
  6843 | D:8      | Reached skill level 12 in Axes
  7055 | D:9      | Noticed Maurice
  7217 | D:9      | Killed Maurice
  7246 | D:9      | Learned a level 1 spell: Apportation
  7249 | D:9      | Learned a level 2 spell: Shroud of Golubria
  7254 | D:9      | Learned a level 4 spell: Passage of Golubria
  7521 | D:9      | Killed an unseen horror
  7679 | D:9      | Reached skill level 13 in Axes
  8031 | D:10     | Entered Level 10 of the Dungeon
  8109 | D:10     | Reached XP level 11. HP: 92/97 MP: 11/11
  8111 | D:10     | Noticed Josephine
  8139 | D:10     | Killed Josephine
  8559 | D:10     | Reached skill level 14 in Axes
  8776 | D:10     | Reached skill level 10 in Fighting
  9164 | D:11     | Killed an unseen horror
  9237 | D:11     | Found a frozen archway.
  9281 | IceCv    | Entered an ice cave
  9768 | IceCv    | Noticed an ice dragon
  9786 | IceCv    | Killed an ice dragon
  9786 | IceCv    | Reached skill level 15 in Axes
  9786 | IceCv    | Reached skill level 10 in Shields
  9786 | IceCv    | Reached XP level 12. HP: 108/108 MP: 12/12
  9818 | IceCv    | Noticed an ice dragon
  9819 | IceCv    | Noticed Goblin1989's ghost (novice FeTm)
  9839 | IceCv    | Slain by Goblin1989's ghost

Action                   |  1- 3 |  4- 6 |  7- 9 | 10-12 || total
-------------------------+-------+-------+-------+-------++-------
Melee: War axe           |   104 |   241 |   507 |   586 ||  1438
       Scimitar          |       |       |       |    45 ||    45
Invok: Potion Petition   |       |       |       |     3 ||     3
  Use: Scroll            |       |     3 |     6 |     1 ||    10
       Potion            |       |       |     4 |     1 ||     5
 Stab: Held in net/web   |       |       |     1 |       ||     1
       Distracted        |       |       |     1 |     6 ||     7
       Invisible         |       |       |       |     2 ||     2
  Eat: Chunk             |       |     7 |     3 |       ||    10
       Royal jelly       |       |       |     2 |     1 ||     3
       Beef jerky        |       |       |     3 |     1 ||     4
       Fruit             |       |       |     2 |     8 ||    10
       Bread ration      |       |       |     1 |       ||     1
       Pizza             |       |       |     1 |       ||     1
       Meat ration       |       |       |       |     1 ||     1

Vault maps used:
D:1:      eino_arrival_druids_welcome
D:2:      first_bread, uniq_natasha, uniq_terence
D:3:      grunt_ministairs_8
D:5:      old_forge, enter_ossuary_2
D:6:      minmay_temple_entry_purple_smoke, uniq_pikel
D:7:      serial_undead, serial_undead_c, serial_undead_f, serial_undead_d,
          serial_undead_f, serial_undead_b, uniq_menkaure
D:8:      kennysheep_vampire_church, grunt_pizzeria, roderic_malta_cross,
          uniq_erica
D:9:      uniq_maurice
D:10:     minmay_misc_feat_hallway, uniq_josephine
D:11:     erik_lair_dragon, david_orc_4, portal_ice_cave_entry_ice_beasts
Temple:   kilobyte_greek_temple_18
Ossuary:  ossuary_tomb_1
IceCv:    ice_cave_small_dragons
